Map: Abyssal Reef LE

Players

starkiller

  • Race: Zerg Zerg
  • League: Grandmaster
  • Spawn Location: 11:00

Railgan - Winner!

  • Race: Zerg Zerg
  • League: Grandmaster
  • Spawn Location: 5:00

VOD

Have the link to the VOD?

Description

Time

  • Played on: March 14, 2017, 8:34 p.m.
  • Length: 7:09
Show
View Real Time Build Order
Export as new Build Order

starkiller Zerg 

Build Orders: Pool First 

Get SALT Encoding   

  12  0:17  Spawning Pool  
  11  0:22  Drone  
  11  0:27  Drone  
  13  0:31  Drone  
  14  0:40  Overlord  
  14  1:04  Zergling x4  
  16  1:06  Zergling x2  
  17  1:20  Zergling x2  
  17  1:22  Spine Crawler  
  17  1:27  Zergling x2  
  19  1:35  Hatchery  
  19  1:39  Spine Crawler  
  17  1:41  Zergling x2  
  19  1:55  Queen  
  19  1:56  Overlord  
  21  2:02  Drone  
  22  2:16  Drone  
  23  2:23  Drone  
  22  2:42  Drone  
  22  2:43  Drone, Queen  
  22  2:48  Queen  
  22  2:50  Drone  
  25  2:53  Drone  
  25  2:58  Drone  
  27  3:05  Zergling x2  
  28  3:08  Spine Crawler, Zergling x2  
  28  3:14  Zergling x6  
  28  3:16  Zergling x2  
  32  3:30  Drone x3  
  32  3:31  Spine Crawler  
  34  3:40  Drone  
  35  3:42  Drone  
  35  3:45  Extractor x2  
  34  3:51  Drone x2  
  36  4:03  Overlord x2  
  36  4:10  Overlord  
  36  4:21  Drone x2  
  36  4:23  Drone  
  39  4:30  Hatchery  
  37  4:33  Drone x3  
  40  4:39  Evolution Chamber  
  40  4:41  Drone  
  40  4:53  Roach Warren, Drone  
  40  4:55  Drone  
  41  5:00  Drone  
  41  5:01  Drone  
  41  5:02  Drone  
  41  5:06  Zerg Missile Weapons Level 1  
  44  5:13  Drone x2  
  46  5:16  Drone  
  46  5:18  Drone  
  46  5:20  Extractor  
  47  5:23  Drone  
  47  5:24  Drone x2  
  50  5:28  Drone  
  50  5:32  Lair  
  51  5:41  Drone  
  51  5:42  Overlord  
  52  5:44  Drone x3  
  55  5:50  Roach  
  55  5:51  Roach  
  55  5:52  Roach  
  55  5:56  Overlord  
  61  5:58  Roach  
  61  6:01  Roach  
  61  6:03  Roach  
  67  6:06  Roach  
  67  6:08  Roach  
  71  6:15  Roach x2  
  71  6:20  Roach  
  71  6:21  Roach  
  74  6:29  Roach x2  
  76  6:34  Roach x2  
  76  6:37  Roach x2  
  76  6:39  Roach  
  82  6:45  Roach  
  82  6:46  Roach  
  82  6:49  Roach  
Show
View Real Time Build Order
Export as new Build Order

Railgan Zerg - Winner!

Build Orders: Pool First 

Get SALT Encoding   

  12  0:01  Drone  
  13  0:13  Overlord  
  13  0:18  Drone  
  14  0:31  Drone x2  
  16  0:39  Drone  
  17  0:47  Spawning Pool  
  17  0:48  Drone  
  18  0:57  Drone  
  18  1:13  Hatchery  
  18  1:14  Extractor  
  16  1:19  Drone  
  17  1:34  Queen  
  17  1:35  Zergling x2  
  17  1:39  Zergling x2  
  21  1:40  Zergling x2  
  22  1:52  Overlord  
  22  2:10  Queen  
  22  2:11  Zergling x2  
  22  2:14  Zergling x2  
  25  2:25  Queen  
  25  2:26  Zergling x2  
  25  2:27  Zergling x2  
  29  2:36  Zergling x2  
  28  2:37  Zergling x2  
  28  2:44  Drone  
  29  2:45  Drone  
  29  2:48  Drone x3  
  33  2:55  Overlord  
  33  2:58  Drone  
  34  3:07  Drone  
  35  3:20  Roach Warren  
  35  3:21  Drone  
  35  3:23  Evolution Chamber  
  35  3:24  Drone  
  34  3:28  Drone x2  
  34  3:30  Drone  
  36  3:39  Lair  
  36  3:41  Drone  
  37  3:46  Drone x2  
  39  3:49  Drone  
  39  3:53  Overlord  
  40  3:58  Zerg Missile Weapons Level 1  
  40  4:13  Evolution Chamber  
  40  4:14  Roach x2  
  40  4:16  Drone  
  40  4:17  Drone x3  
  47  4:19  Extractor  
  47  4:21  Extractor  
  47  4:22  Overlord  
  47  4:24  Drone  
  46  4:30  Drone x2  
  48  4:33  Drone  
  48  4:34  Drone x2  
  51  4:49  Glial Reconstitution  
  51  4:50  Drone  
  51  4:51  Drone x2  
  54  4:59  Overlord  
  54  5:03  Roach  
  54  5:04  Roach  
  54  5:06  Hatchery  
  57  5:10  Roach  
  59  5:16  Overlord  
  59  5:18  Drone  
  59  5:19  Roach x2  
  59  5:21  Overseer  
  64  5:22  Roach  
  64  5:26  Roach  
  68  5:36  Roach x4  
  68  5:40  Overlord  
  76  5:43  Overlord  
  76  5:47  Overlord  
  76  5:49  Overlord  
  76  5:56  Overlord x2  
  76  6:02  Roach  
  78  6:07  Roach  
  78  6:08  Roach x3  
  86  6:12  Roach  
  86  6:17  Roach x3  
  94  6:20  Roach  
  96  6:28  Roach x2  
  98  6:38  Roach  
  98  6:39  Ravager  
  100  6:40  Drone x6  
  97  6:54  Drone x9  
  97  6:55  Drone  
  97  6:57  Drone  
  101  7:01  Extractor  
Tags
 
Add a new tag
Caveats
  • Supply blocks, unpowered buildings, or Contaminate may cause inaccurate times.
  • Supply counts are checked every 10 seconds.